 Dungeon Crawl Stone Soup version 0.26.0-10-g1f06aea511 (webtiles) character file.

Game seed: 14082060732579653219

137274 Borgoz the Swashbuckler (level 17, -8/113 HPs)
             Began as a Kobold Gladiator on Jan 17, 2021.
             Was the Champion of Dithmenos.
             Killed from afar by a green death (32 damage)
             ... with a bolt of poison
             ... on level 3 of the Abyss.
             The game lasted 00:59:13 (36442 turns).

Borgoz the Swashbuckler (Kobold Gladiator)         Turns: 36442, Time: 00:59:13

Health: -8/113     AC: 16    Str: 20    XL:     17   Next: 82%
Magic:  33/33      EV: 25    Int:  9    God:    Dithmenos [******]
Gold:   1418       SH: 11    Dex: 15    Spells: 18/26 levels left

rFire    + . .     SeeInvis .   a - +9 quick blade (elec)
rCold    + + +     Faith    .   m - +0 buckler
rNeg     + . .     Spirit   .   U - +0 ring mail of Duty {*Slow +Blink Str+2 Stlth+}
rPois    .         Reflect  +   C - +2 hat
rElec    +         Harm     .   w - +1 cloak
rCorr    +         Rampage  .   A - +0 pair of gloves of the Swamp {rC+ rCorr MP+9}
Will     +....                  o - +1 pair of boots
Stlth    ++++++++..             q - amulet of reflection
HPRegen  0.28/turn              R - ring of protection from fire
MPRegen  0.23/turn              L - ring "Yrogat" {rElec rC++ rN+ Dex-2}

@: lethally poisoned (-8 -> -16), wreathed by umbra
A: small, nightstalker 3
a: Renounce Religion, Evoke Blink, Shadow Step, Shadow Form


You were on level 3 of the Abyss.
You worshipped Dithmenos.
Dithmenos was exalted by your worship.
You visited 5 branches of the dungeon, and saw 25 of its levels.
You visited the Abyss 1 time.
You also visited: Gauntlet, Ice Cave and Volcano.

You collected 3367 gold pieces.
You spent 1949 gold pieces at shops.

Inventory:

Hand Weapons
 a - a +9 quick blade of electrocution (weapon)
 b - the +10 long sword of the Eternal Void {speed, Will+ Str+2 Dex+4}
   (You found it on level 11 of the Dungeon)

   Attacks with this weapon are significantly faster.
   It affects your strength (+2).
   It affects your dexterity (+4).
   It affects your willpower, your defense against some magical effects.
Missiles
 t - a throwing net (quivered)
Armour
 m - a +0 buckler (worn)
 o - a +1 pair of boots (worn)
 w - a +1 cloak (worn)
 A - the +0 pair of gloves of the Swamp (worn) {rC+ rCorr MP+9}
   (You found it on level 5 of the Dungeon)

   It protects you from cold.
   It affects your magic capacity (+9).
   It provides partial protection from all sources of acid and corrosion.
 C - a +2 hat (worn)
 U - the +0 ring mail of Duty (worn) {*Slow +Blink Str+2 Stlth+}
   (You found it on level 3 of the Lair of Beasts)

   It affects your strength (+2).
   It lets you blink.
   It may slow you when you take damage.
   It makes you more stealthy.
Jewellery
 l - an uncursed ring of see invisible
 q - an amulet of reflection (around neck)
 G - an uncursed amulet of regeneration
 K - a +6 ring of dexterity
 L - the ring "Yrogat" (right hand) {rElec rC++ rN+ Dex-2}
   (You found it in a Gauntlet)

   [ring of positive energy]

   It affects your dexterity (-2).
   It greatly protects you from cold.
   It insulates you from electricity.
   It protects you from negative energy.
 M - an uncursed ring of flight
 R - a ring of protection from fire (left hand)
Wands
 d - a wand of disintegration (16)
 v - a wand of acid (29)
 x - a wand of iceblast (19)
 y - a wand of digging (5)
 H - a wand of paralysis (11)
Scrolls
 c - 5 scrolls of fog
 h - 5 scrolls of identify
 j - 6 scrolls of fear
 n - 2 scrolls of silence
 p - 8 scrolls of magic mapping
 r - 15 scrolls of remove curse
 s - 8 scrolls of teleportation
 N - 2 scrolls of enchant armour
 Q - 6 scrolls of enchant weapon
 V - a scroll of blinking
Potions
 e - 3 potions of brilliance
 f - 7 potions of magic
 g - 4 potions of flight
 i - 7 potions of heal wounds
 k - 10 potions of curing
 u - a potion of cancellation
 z - 3 potions of might
 B - 2 potions of invisibility
 D - 4 potions of resistance
 E - 4 potions of haste
 F - 5 potions of mutation


   Skills:
 + Level 15.1 Fighting
 + Level 17.8 Short Blades
 - Level 2.1 Throwing
 + Level 11.9 Armour
 + Level 16.4 Dodging
 - Level 5.0 Stealth
 - Level 5.6 Shields
 - Level 5.0 Spellcasting
 - Level 5.0 Hexes
 - Level 5.0 Invocations
 - Level 5.0 Evocations


You had 18 spell levels left.
You knew the following spells:

 Your Spells              Type           Power        Failure   Level
a - Confusing Touch       Hex            11%          14%         3
b - Blink                 Tloc           N/A          47%         2
c - Vampiric Draining     Necr           1%           71%         3

Your spell library contained the following spells:

 Spells                   Type           Power        Failure   Level
 Corona                   Hex            12%          4%          1
 Slow                     Hex            11%          7%          2
 Animate Skeleton         Necr           4%           34%         1
 Magic Dart               Conj           8%           34%         1
 Pain                     Necr           8%           34%         1
 Sting                    Tmut/Pois      8%           34%         1
 Dazzling Flash           Conj/Hex       12%          36%         3
 Inner Flame              Hex/Fire       6%           36%         3
 Portal Projectile        Hex/Tloc       12%          36%         3
 Cause Fear               Hex            5%           41%         4
 Call Imp                 Summ           2%           47%         2
 Corpse Rot               Necr/Air       N/A          47%         2
 Poisonous Vapours        Pois/Air       4%           47%         2
 Searing Ray              Conj           4%           47%         2
 Conjure Flame            Conj/Fire      2%           71%         3
 Gell's Gravitas          Tloc           1%           71%         3
 Ignite Poison            Fire/Tmut/Pois 2%           71%         3
 Mephitic Cloud           Conj/Pois/Air  2%           71%         3
 Stone Arrow              Conj/Erth      4%           71%         3
 Fulminant Prism          Conj/Hex       3%           77%         4
 Leda's Liquefaction      Hex/Erth       3%           77%         4
 Animate Dead             Necr           1%           98%         4
 Iskenderun's Mystic Bla  Conj/Tloc      2%           98%         4
 Olgreb's Toxic Radiance  Pois           2%           98%         4
 Petrify                  Tmut/Erth      2%           98%         4
 Sticky Flame             Conj/Fire      2%           98%         4
 Metabolic Englaciation   Hex/Ice        3%           98%         5
 Silence                  Hex/Air        3%           98%         5
 Yara's Violent Unravell  Hex/Tmut       3%           98%         5
 Agony                    Necr           2%           100%        5
 Summon Forest            Summ/Tloc      1%           100%        5
 Eringya's Noxious Bog    Tmut/Pois      1%           100%        6
 Freezing Cloud           Conj/Ice/Air   1%           100%        6
 Hydra Form               Tmut           1%           100%        6
 Shadow Creatures         Summ           N/A          100%        6
 Starburst                Conj/Fire      1%           100%        6
 Summon Hydra             Summ           1%           100%        7
 Discord                  Hex            5%           100%        8


Dungeon Overview and Level Annotations

Branches:
Dungeon (15/15)            Temple (1/1) D:7            Lair (6/6) D:8
  Swamp (0/4) Lair:3        Snake (0/4) Lair:2        Slime (0/5) Lair:6
    Orc (2/2) D:12            Elf (1/3) Orc:2        Vaults (0/5) D:14
 Depths (0/5) D:15          IceCv (visited)         Volcano (visited)
Gauntlet (visited)

Altars:
Ashenzari
Cheibriados
Dithmenos
Elyvilon
Fedhas
Gozag
Hepliaklqana
Kikubaaqudgha
Makhleb
Nemelex Xobeh
Okawaru
Qazlal
Ru
Sif Muna
Trog
Uskayaw
Vehumet
Wu Jian
Xom
Yredelemnul
Zin
The Shining One
Beogh

Shops:
Orc:1 ?   Orc:2 }[!*   Elf:1 *


Innate Abilities, Weirdness & Mutations

You are small and have problems with some larger weapons.
You are completely attuned to the shadows.


Message History

Lightning courses through the large abomination!
The large abomination is severely damaged.
Your shadow hits the large abomination but does no damage.
You hit the large abomination.
Lightning courses through the large abomination!
You destroy the large abomination!
Dithmenos accepts your kill.
You start resting.
Magic restored.
You start resting.
A green death comes into view.
The green death roars!
You puncture the green death!
Lightning courses through the green death!!
The green death is heavily wounded.
Your shadow hits the green death but does no damage.
The green death gestures at you. The bolt of poison hits you!!
You are poisoned.
You die...

. # .###. #..
## #.. §# #.
#.## .. # #
#.##..8...#
#.##.2..§....
. #...@#.§###
.#. ##.#.#..#
..... .#
.#.##..#§
##.....#§
.#≈. ..... #
.. .. # . .#.
# # . . . .


You could see a green death.

Vanquished Creatures
  Rupert (Lair:6)
  Gastronok (D:11)
  A fire giant (D:15)
  2 orc warlords (Orc:1)
  A frost giant (IceCv)
  A vampire knight (D:14)
  A stone giant (Volcano)
  A minotaur (Gauntlet)
  2 dire elephants
  An ettin (D:11)
  A deep elf high priest (D:11)
  A fire dragon (D:8)
  Josephine (Lair:6)
  A hydra (Lair:6)
  A ghost crab (Gauntlet)
  4 boulder beetles
  2 catoblepae
  2 centaur warriors
  6 two-headed ogres
  A vampire mage (D:14)
  6 death yaks (Lair:4)
  A queen ant (Gauntlet)
  2 orc high priests (Orc:2)
  3 tengu warriors
  3 deep elf knights (Elf:1)
  5 skeletal warriors (D:13)
  6 unseen horrors
  Pikel (D:7)
  4 orc knights
  5 deep elf archers (Elf:1)
  A necromancer (D:14)
  7 orc sorcerers
  14 deep elf magi (Elf:1)
  18 ugly things
  6 cyclopes
  4 manticores
  32 elephants
  2 ice statues (IceCv)
  2 black mambas (Lair:3)
  3 molten gargoyles
  A centaur zombie (D:13)
  6 gargoyles
  8 cane toads
  Maggie (D:7)
  A rime drake (Lair:6)
  6 komodo dragons
  2 efreet
  A freezing wraith (D:15)
  A tengu conjurer (D:14)
  A queen bee (Lair:2)
  8 trolls
  A merfolk (D:12)
  25 polar bears
  2 hornets
  Grinder (D:6)
  15 slime creatures
  3 raiju (Lair:6)
  12 blink frogs
  20 flying skulls
  3 spriggans
  Sigmund (D:2)
  A shadow (D:14)
  8 vampires
  A water elemental (D:12)
  5 fire elementals
  5 wyverns
  A human (D:12)
  49 yaks
  8 wraiths
  2 steam dragons
  6 wargs
  3 vampire mosquitoes (D:15)
  An acid dragon (D:11)
  4 nagas (Lair:2)
  5 soldier ants (Gauntlet)
  9 water moccasins
  Duvessa (D:7)
  15 hell hounds
  6 sky beasts
  5 ice beasts
  37 orc warriors
  2 large abominations (Abyss:3)
  15 black bears
  26 wolves
  3 phantoms
  12 ogres
  An eye of draining (D:10)
  6 centaurs
  2 necrophages
  2 big kobolds
  12 bullfrogs
  An earth elemental (Volcano)
  3 wyvern zombies
  Dowan (D:7)
  3 scorpions
  A water moccasin skeleton (D:11)
  33 killer bees
  9 wights
  2 electric eels
  5 howler monkeys
  A lava snake (Volcano)
  3 bullfrog zombies
  7 human zombies (D:14)
  7 hounds
  10 jellies
  2 centaur skeletons
  A gnoll shaman (D:9)
  36 orc priests
  47 orc wizards
  Crazy Yiuf (D:2)
  2 bullfrog skeletons
  Jessica (D:2)
  5 iguanas
  10 worker ants
  A hell rat (D:14)
  A bullfrog simulacrum (D:11)
  2 hound skeletons
  11 gnolls
  4 worker ant zombies
  11 adders
  3 river rats (D:14)
  3 howler monkey skeletons
  2 shadow imps
  8 white imps
  An ufetubus (D:8)
  9 oozes
  6 worms
  5 dart slugs
  9 leopard geckos
  88 orcs
  10 giant cockroaches
  8 goblins
  8 hobgoblins
  6 jackals
  12 kobolds
  4 quokkas
  14 bats
  8 frilled lizards
  A quokka skeleton (D:8)
  13 rats
  A lurking horror (Abyss:3)
  A plant (Lair:6)
970 creatures vanquished.

Vanquished Creatures (others)
  A polar bear (IceCv)
  An orc priest (Orc:2)
  4 demonic plants (Gauntlet)
  54 fungi
  50 plants
  6 toadstools (D:4)
116 creatures vanquished.

Grand Total: 1086 creatures vanquished

Notes
Turn   | Place    | Note
-------+----------+-------------------------------------------
     0 | D:1      | Borgoz the Kobold Gladiator began the quest for the Orb.
     0 | D:1      | Reached XP level 1. HP: 12/12 MP: 1/1
    81 | D:1      | Reached XP level 2. HP: 18/18 MP: 2/2
   196 | D:1      | Reached XP level 3. HP: 13/22 MP: 3/3
   545 | D:1      | Reached skill level 1 in Armour
   856 | D:1      | Found a glowing golden altar of the Shining One.
  1042 | D:2      | Noticed an ogre
  1051 | D:2      | Reached XP level 4. HP: 25/27 MP: 4/4
  1056 | D:2      | Killed an ogre
  1057 | D:2      | Reached skill level 5 in Short Blades
  1057 | D:2      | Reached XP level 5. HP: 30/32 MP: 5/5
  1349 | D:2      | You fall into a shaft and drop 2 floors!
  1360 | D:4      | Noticed an ogre
  1370 | D:4      | Killed an ogre
  1371 | D:4      | Reached skill level 1 in Stealth
  1371 | D:4      | Reached XP level 6. HP: 28/38 MP: 6/6
  1378 | D:4      | Reached skill level 5 in Dodging
  1492 | D:4      | Found a blossoming altar of Fedhas.
  1556 | D:4      | Noticed a phantom
  1568 | D:4      | Killed a phantom
  1717 | D:4      | Reached XP level 7. HP: 28/41 MP: 7/7
  2164 | D:4      | Reached skill level 6 in Short Blades
  2460 | D:3      | Noticed a moth of wrath
  2499 | D:3      | Found a bloodstained altar of Trog.
  2757 | D:2      | Noticed Jessica
  2761 | D:2      | Killed Jessica
  2829 | D:2      | Noticed Sigmund
  2844 | D:2      | Killed Sigmund
  2847 | D:2      | Reached XP level 8. HP: 38/48 MP: 8/8
  2953 | D:2      | Found a runed translucent door.
  2956 | D:2      | Noticed Crazy Yiuf
  2966 | D:2      | Killed Crazy Yiuf
  3658 | D:3      | Found an iron altar of Okawaru.
  4042 | D:4      | Found a broken altar of Ashenzari.
  4154 | D:4      | Found a shimmering blue altar of Sif Muna.
  4377 | D:5      | Entered Level 5 of the Dungeon
  4550 | D:5      | Reached skill level 5 in Fighting
  4640 | D:5      | Reached skill level 7 in Short Blades
  4640 | D:5      | Reached skill level 1 in Shields
  4661 | D:5      | Found a glowing golden altar of the Shining One.
  4907 | D:5      | Got a pair of spiked gloves
  4923 | D:5      | Identified the +0 pair of gloves of the Swamp {rC+ rCorr
                  | MP+9} (You found it on level 5 of the Dungeon)
  5494 | D:5      | Found a sparkling altar of Nemelex Xobeh.
  5494 | D:5      | Found a snail-covered altar of Cheibriados.
  5900 | D:6      | Noticed Grinder
  5907 | D:6      | Paralysed by Grinder for 5 turns
  5966 | D:6      | Killed Grinder
  5967 | D:6      | Reached XP level 9. HP: 20/55 MP: 9/9
  6207 | D:6      | Found a hazy altar of Hepliaklqana.
  6713 | D:6      | Reached skill level 8 in Short Blades
  7149 | D:6      | Reached skill level 5 in Stealth
  7395 | D:7      | Found a staircase to the Ecumenical Temple.
  7401 | Temple   | Entered the Ecumenical Temple
  7636 | Temple   | Became a worshipper of Dithmenos the Shadowed
  7667 | D:7      | Found a burning altar of Makhleb.
  7726 | D:7      | Found a shimmering altar of Xom.
  7727 | D:7      | Found a shimmering altar of Xom.
  7728 | D:7      | Found a shimmering altar of Xom.
  7729 | D:7      | Found a shimmering altar of Xom.
  7731 | D:7      | Found a shimmering altar of Xom.
  7732 | D:7      | Found a shimmering altar of Xom.
  8485 | D:7      | Noticed Duvessa
  8485 | D:7      | Noticed Dowan
  8510 | D:7      | Killed Duvessa
  8513 | D:7      | Killed Dowan
  8567 | D:7      | Noticed Pikel
  8597 | D:7      | Killed Pikel
  8598 | D:7      | Reached skill level 9 in Short Blades
  8598 | D:7      | Reached XP level 10. HP: 31/61 MP: 10/10
  8848 | D:7      | Found an opulent altar of Gozag.
  8848 | D:7      | Noticed Maggie
  8864 | D:7      | Reached skill level 5 in Armour
  8895 | D:7      | Killed Maggie
  8931 | D:7      | Identified a scroll of acquirement
  8931 | D:7      | Acquired a +6 quick blade
  9030 | D:7      | Found an ancient bone altar of Kikubaaqudgha.
  9200 | D:8      | Reached * piety under Dithmenos
  9253 | D:8      | Noticed an unseen horror
  9277 | D:8      | Killed an unseen horror
  9437 | D:8      | Noticed a fire dragon
  9486 | D:8      | Killed a fire dragon
  9487 | D:8      | Reached skill level 10 in Short Blades
  9501 | D:8      | Reached XP level 11. HP: 17/68 MP: 11/11
  9749 | D:8      | Found a staircase to the Lair.
  9853 | D:8      | Identified the +7 quarterstaff "Lepurpha" {drain, Dex+4}
 10077 | D:8      | Reached ** piety under Dithmenos
 10078 | D:8      | Found a sacrificial altar of Ru.
 10901 | D:9      | Found a hide-covered altar of Uskayaw.
 11085 | D:9      | Found a basalt altar of Yredelemnul.
 11421 | D:10     | Entered Level 10 of the Dungeon
 11542 | D:10     | Reached skill level 5 in Shields
 11772 | D:10     | Noticed an unseen horror
 11777 | D:10     | Killed an unseen horror
 11864 | D:10     | Reached *** piety under Dithmenos
 12152 | D:10     | Reached skill level 10 in Dodging
 12262 | D:11     | Reached skill level 11 in Short Blades
 12270 | D:11     | Noticed a tengu warrior
 12273 | D:11     | Killed a tengu warrior
 12284 | D:11     | Noticed a deep elf high priest
 12300 | D:11     | Noticed a tengu warrior
 12356 | D:11     | Killed a tengu warrior
 12357 | D:11     | Reached XP level 12. HP: 66/76 MP: 12/12
 12419 | D:11     | Killed a deep elf high priest
 12428 | D:11     | Got a translucent long sword
 12429 | D:11     | Identified the +10 long sword of the Eternal Void {speed,
                  | Will+ Str+2 Dex+4} (You found it on level 11 of the
                  | Dungeon)
 12615 | D:11     | Noticed a two-headed ogre
 12627 | D:11     | Killed a two-headed ogre
 12628 | D:11     | Reached skill level 12 in Short Blades
 12940 | D:11     | Noticed Gastronok
 12957 | D:11     | Killed Gastronok
 12957 | D:11     | Reached **** piety under Dithmenos
 12958 | D:11     | Reached skill level 10 in Fighting
 13190 | D:11     | Noticed a boulder beetle
 13217 | D:11     | Killed a boulder beetle
 13376 | D:11     | Noticed an unseen horror
 13384 | D:11     | Killed an unseen horror
 13388 | D:11     | Noticed an ettin
 13414 | D:11     | Killed an ettin
 13776 | D:11     | Noticed a two-headed ogre
 13780 | D:11     | Killed a two-headed ogre
 13792 | D:11     | Reached XP level 13. HP: 83/83 MP: 13/13
 14006 | Lair:1   | Entered Level 1 of the Lair of Beasts
 14046 | Lair:1   | Found a dark tunnel.
 14051 | Volcano  | Entered a volcano
 14187 | Volcano  | Found a burning altar of Makhleb.
 14197 | Volcano  | Noticed a stone giant
 14212 | Volcano  | Killed a stone giant
 14213 | Volcano  | Reached skill level 13 in Short Blades
 14380 | Lair:1   | Found a gate leading to a gauntlet.
 14386 | Gauntlet | Entered a Gauntlet
 14386 | Gauntlet | Found a transporter.
 14458 | Gauntlet | Found a transporter.
 14470 | Gauntlet | Found a transporter.
 14478 | Gauntlet | Noticed a ghost crab
 14482 | Gauntlet | Found a transporter.
 14494 | Gauntlet | Found a transporter.
 14501 | Gauntlet | Noticed a catoblepas
 14511 | Gauntlet | Found a transporter.
 14542 | Gauntlet | Found a transporter.
 14616 | Gauntlet | Found a transporter.
 14619 | Gauntlet | Found a transporter.
 14638 | Gauntlet | Found a transporter.
 14993 | Gauntlet | Found a transporter.
 15010 | Gauntlet | Killed a ghost crab
 15015 | Gauntlet | Found a transporter.
 15073 | Gauntlet | Found a transporter.
 15080 | Gauntlet | Found a transporter.
 15084 | Gauntlet | Got a scorched lapis lazuli ring
 15221 | Gauntlet | Killed a catoblepas
 15434 | Gauntlet | Identified the ring "Yrogat" {rElec rC++ rN+ Dex-2} (You
                  | found it in a Gauntlet)
 15475 | Gauntlet | Identified the cursed +3 great sword of Comesati {freeze,
                  | Dex+3}
 15475 | Gauntlet | Noticed a minotaur
 15476 | Gauntlet | Found the +10 dark maul {vorpal}
 15497 | Gauntlet | Killed a minotaur
 16074 | Lair:1   | Found an ancient bone altar of Kikubaaqudgha.
 16741 | Lair:2   | Reached skill level 14 in Short Blades
 16824 | Lair:2   | Reached XP level 14. HP: 32/91 MP: 14/14
 16963 | Lair:2   | Noticed a dire elephant
 16971 | Lair:2   | Killed a dire elephant
 17236 | Lair:2   | Reached ***** piety under Dithmenos
 17751 | Lair:2   | Found a staircase to the Snake Pit.
 18190 | Lair:3   | Got a masterwork ring mail
 18757 | Lair:3   | Found a staircase to the Swamp.
 19343 | Lair:3   | Identified the cursed +0 ring mail of Duty {*Slow +Blink
                  | Str+2 Stlth+} (You found it on level 3 of the Lair of
                  | Beasts)
 19405 | Lair:4   | Reached skill level 15 in Short Blades
 19504 | Lair:4   | Found a frozen archway.
 19512 | IceCv    | Entered an ice cave
 19605 | IceCv    | Reached skill level 10 in Armour
 20222 | IceCv    | Noticed a frost giant
 20249 | IceCv    | Killed a frost giant
 20253 | IceCv    | Reached XP level 15. HP: 89/98 MP: 15/15
 20661 | IceCv    | Got a warped hat
 20672 | IceCv    | Identified the +1 hat of Moral Flaws {Str-3 Dex+4} (You
                  | found it in an ice cave)
 21395 | Lair:4   | HP: 3/98 [death yak (16)]
 21396 | Lair:4   | HP: 1/98 [death yak (7)]
 23397 | Lair:6   | Entered Level 6 of the Lair of Beasts
 23466 | Lair:6   | Found a staircase to the Slime Pits.
 23798 | Lair:6   | Reached skill level 16 in Short Blades
 24612 | Lair:6   | Noticed Rupert
 24616 | Lair:6   | Killed Rupert
 24617 | Lair:6   | Reached skill level 15 in Dodging
 24843 | Lair:6   | Noticed Josephine
 24854 | Lair:6   | Killed Josephine
 24867 | Lair:6   | Reached ****** piety under Dithmenos
 24874 | Lair:6   | HP: 3/100 [hell hound/blast of flame (14)]
 26273 | Lair:5   | Got a scorched spear
 26674 | D:12     | Identified the Guide on the Supportive Volcanoes
 26856 | D:12     | Reached XP level 16. HP: 106/106 MP: 16/16
 27405 | D:12     | Learned a level 3 spell: Confusing Touch
 27523 | D:12     | Found a staircase to the Orcish Mines.
 27703 | D:13     | Reached skill level 1 in Evocations
 27714 | D:13     | Reached skill level 1 in Invocations
 27732 | D:13     | Reached skill level 1 in Spellcasting
 28145 | D:13     | Reached skill level 1 in Hexes
 29314 | D:14     | Found a gate to the Vaults.
 29321 | D:14     | Reached skill level 17 in Short Blades
 30198 | D:14     | You fall into a shaft and drop 1 floor!
 30198 | D:15     | Entered Level 15 of the Dungeon
 30912 | D:15     | Reached XP level 17. HP: 112/112 MP: 22/22
 31279 | D:15     | Found a staircase to the Depths.
 31780 | D:14     | Found an ancient bone altar of Kikubaaqudgha.
 32138 | Orc:1    | Entered Level 1 of the Orcish Mines
 32878 | Orc:1    | Found Pyguop's Magic Scroll Shoppe.
 32881 | Orc:1    | Bought a scroll of brand weapon for 300 gold pieces
 33173 | Orc:1    | Found a roughly hewn altar of Beogh.
 33328 | Orc:1    | Reached skill level 5 in Evocations
 33551 | Orc:1    | Found a roughly hewn altar of Beogh.
 33678 | Orc:2    | Entered Level 2 of the Orcish Mines
 34467 | Orc:2    | Reached skill level 5 in Invocations
 34669 | Orc:2    | Found Intelie's General Store.
 34881 | Orc:2    | Found Docan's Antique Armour Boutique.
 34882 | Orc:2    | Found Ewumiwu's Gadget Boutique.
 34882 | Orc:2    | Found Goaph's Distillery.
 34885 | Orc:2    | Bought a potion of heal wounds for 60 gold pieces
 34885 | Orc:2    | Bought a potion of invisibility for 96 gold pieces
 34886 | Orc:2    | Bought a potion of resistance for 160 gold pieces
 34886 | Orc:2    | Bought a potion of heal wounds for 80 gold pieces
 34886 | Orc:2    | Bought a potion of heal wounds for 80 gold pieces
 34886 | Orc:2    | Bought a potion of invisibility for 128 gold pieces
 34888 | Orc:2    | Bought a distressingly furry plate armour for 784 gold
                  | pieces
 34888 | Orc:2    | Bought a pair of runed gloves for 210 gold pieces
 34918 | Orc:2    | Identified the cursed +0 plate armour "Elaobone" {+Inv
                  | Str+6 Int-5} (You bought it in a shop on level 2 of the
                  | Orcish Mines)
 34991 | Orc:2    | Found a staircase to the Elven Halls.
 35474 | Elf:1    | Entered Level 1 of the Elven Halls
 35725 | Elf:1    | Found Atralunt's General Store.
 35730 | Elf:1    | Bought a scroll of teleportation for 51 gold pieces
 35733 | Elf:1    | Learned a level 2 spell: Blink
 35737 | Elf:1    | Learned a level 3 spell: Vampiric Draining
 35787 | Elf:1    | Reached skill level 5 in Spellcasting
 35800 | Elf:1    | Reached skill level 15 in Fighting
 35818 | Elf:1    | Reached skill level 5 in Hexes
 36225 | Elf:1    | Cast into level 3 of the Abyss (a deep elf sorcerer)
 36225 | Abyss:3  | Found a corrupted altar of Lugonu.
 36442 | Abyss:3  | Killed from afar by a green death

Illustrated notes

Levels and vault maps discovered:
D:1:      minmay_arrival_hallway, layout_rooms, serial_forest,
          infiniplex_forest_straight_3, infiniplex_forest_end_3,
          infiniplex_forest_diagonal, infiniplex_forest_straight_3,
          infiniplex_forest_straight_4, infiniplex_forest_lined_2,
          infiniplex_forest_straight_4, tso_metal_star
D:2:      layout_rooms, uniq_crazy_yiuf_cottage, uniq_jessica, uniq_sigmund
D:3:      layout_loops_ring, tgw_trog, general_overflow_altar, minmay_pentangle
D:4:      cheibrodos_fertilizer, layout_cave_pools, tgw_sif,
          kennysheep_little_box, ashenzari_conservatory_becter
D:5:      layout_basic, gammafunk_temple_overflow_wave, basic_altar
D:6:      layout_gridville, nicolae_overflow_hidden_temple,
          minmay_misc_feat_encased, st_stairs_5, uniq_grinder
D:7:      layout_cave_pods, nicolae_overflow_crystal_walls, old_standard_altar,
          lemuel_round_altar, minmay_temple_entry_trees, xom_redecorated,
          uniq_pikel, uniq_maggie, uniq_duvessa
D:8:      minmay_bloctagon, layout_loops_ring, minmay_lair_entry_lava,
          basic_altar
D:9:      layout_small_grid, chequers_temple_overflow_statue_of_worship,
          chequers_serial_rivers_micro_c, wad_floor_pattern_2,
          minmay_liquid_box, kennysheep_decorative_pillar
D:10:     layout_rooms
D:11:     wad_statue_garden, layout_cave_pools, nrook_pool_corridor,
          grunt_ministairs_5, minmay_evil_grid, uniq_gastronok
D:12:     layout_loops_ring, erik_orc_2, hangedman_stone_soup, the_bakery
D:13:     layout_long_grid, minmay_misc_feat_tower
D:14:     lemuel_vampire_tower, layout_rooms, david_vaults_1,
          corexii_corridor_pit, corexii_leaking_fountain, nicolae_wwwww
D:15:     grunt_enter_depths_giant_problem, layout_loops_corners,
          serial_bayou_shore_b, minivault_1
Temple:   grunt_temple_mini_profane
Lair:1:   layout_long_grid, enter_volcano_4, gauntlet_entry_generic,
          basic_altar, infiniplex_staircase_pool_2
Lair:2:   mu_elephants_graveyard, layout_gridlike,
          minmay_snake_entry_guardpost_small, special_room [special_room_bee],
          serial_bayou_shore_b
Lair:3:   layout_hall_layers, swamp_mist, st_stairs_7
Lair:4:   layout_cellular_growth, portal_ice_cave_entry_pillars_2, st_stairs_11,
          chequers_serial_rivers_micro_c
Lair:5:   layout_regular_city, serial_bayou_shore_a
Lair:6:   hangedman_lair_caniforms_friends, layout_gridlike,
          minmay_slime_entry_pillars, uniq_rupert, uniq_josephine
Orc:1:    nicolae_orc_accident_2, layout_caves, serial_shops,
          nicolae_shop_behind_doors, mines1_david
Orc:2:    st_orc_mages, layout_caves, nicolae_orc_tapped_out
Elf:1:    eino_elf_arrival_customs, layout_rooms, serial_shops, shop,
          kennysheep_underground_church, uniq_asterion
Abyss:3:  base: Lair:6, hangedman_abyss_feature_spike,
          hangedman_grunt_abyss_rune_horror_hoard,
          hangedman_abyss_feature_spike, nicolae_abyss_rune_left_handed

Skill      XL: |  1  2  3  4  5  6  7  8  9 10 11 12 13 14 15 16 17 |
---------------+----------------------------------------------------+-----
Dodging        | 4 5 6 8 9 10 11 13 14 15 16 | 16.4
Armour         | 1 2 3 4 5 6 8 9 10 11 | 11.9
Fighting       | 3 4 5 6 7 9 10 11 13 14 15 | 15.1
Short Blades   | 5 6 7 9 10 11 12 14 15 16 17 | 17.8
Stealth        | 1 2 3 5 |  5.0
Shields        | 1 3 4 5 |  5.6
Evocations     | 4 5 |  5.0
Invocations    | 3 5 |  5.0
Spellcasting   | 3 5 |  5.0
Hexes          | 3 5 |  5.0
Throwing       | |  2.1

Action                   |  1- 3 |  4- 6 |  7- 9 | 10-12 | 13-15 | 16-18 || total
-------------------------+-------+-------+-------+-------+-------+-------++-------
Melee: Rapier            |   109 |    62 |   211 |    94 |     8 |       ||   484
       Dagger            |       |    26 |   462 |       |       |       ||   488
       Quick blade       |       |       |       |   554 |   596 |  1550 ||  2700
       Long sword        |       |       |       |    94 |   908 |   151 ||  1153
Throw: Throwing net      |       |     2 |     4 |     1 |       |       ||     7
 Cast: Confusing Touch   |       |       |       |       |       |     2 ||     2
 Abil: Evoke Flight      |       |       |       |       |       |     1 ||     1
Evoke: Wand              |       |       |       |       |     2 |     7 ||     9
  Use: Scroll            |       |     7 |    10 |    12 |    12 |     5 ||    46
       Potion            |       |       |     5 |     1 |    13 |     2 ||    21
 Stab: Sleeping          |     6 |     5 |    28 |    43 |    45 |    80 ||   207
       Held in net/web   |       |     3 |     2 |       |       |       ||     5
       Distracted        |       |       |     2 |     1 |     6 |     6 ||    15
       Confused          |       |       |       |       |       |     1 ||     1
Armor: Leather armour    |    20 |    15 |    22 |       |       |       ||    57
       Skin              |       |       |    34 |     1 |       |       ||    35
       Ring mail         |       |       |    55 |     3 |    89 |    97 ||   244
       Steam dragon scal |       |       |       |    36 |   108 |       ||   144
Dodge: Dodged            |   110 |    65 |   287 |   237 |  1368 |   582 ||  2649
Block: Buckler           |       |       |   206 |   185 |   969 |   422 ||  1782
       Reflection        |       |       |     6 |     8 |     7 |     7 ||    28
       Rpst.: Long sword |       |       |       |    23 |   269 |    20 ||   312
